 Dungeon Crawl Stone Soup version 0.27-a0-1272-g7c8ad2e407 (webtiles) character file.

Game seed: 8151249512049870865

161 MacCMillion the Chopper (level 5, -2/47 HPs)
             Began as a Minotaur Berserker on June 11, 2021.
             Was a Believer of Trog.
             Slain by a water moccasin (7 damage)
             ... on level 3 of the Dungeon.
             The game lasted 00:09:26 (2534 turns).

MacCMillion the Chopper (Minotaur Berserker)        Turns: 2534, Time: 00:09:28

Health: -2/47      AC:  9    Str: 23    XL:     5   Next: 19%
Magic:  4/4        EV: 11    Int:  4    God:    Trog [**....]
Gold:   64         SH:  0    Dex: 15    Spells: 4/4 levels left

rFire    . . .     SeeInvis .   a - +0 hand axe
rCold    . . .     Faith    .   (no shield)
rNeg     . . .     Spirit   .   f - +0 scale mail
rPois    .         Reflect  .   (helmet restricted)
rElec    .         Harm     .   (no cloak)
rCorr    .         Rampage  .   (no gloves)
Will     .....                  m - +1 pair of boots
Stlth    ..........             (no amulet)
HPRegen  0.15/turn              n - +6 ring of dexterity
MPRegen  0.09/turn              (no ring)

@: lethally poisoned (-2 -> -19)
A: horns 2, retaliatory headbutt
a: Renounce Religion, Berserk, Trog's Hand


You were on level 3 of the Dungeon.
You worshipped Trog.
Trog was pleased with you.
You visited 1 branch of the dungeon, and saw 3 of its levels.

You collected 64 gold pieces.

Inventory:

Hand Weapons
 a - a +0 hand axe (weapon)
Missiles
 h - 58 stones
Armour
 f - a +0 scale mail (worn)
 m - a +1 pair of boots (worn)
Jewellery
 d - a ring of fire
 g - a ring of ice
 n - a +6 ring of dexterity (left hand)
Scrolls
 j - a scroll of teleportation {unknown}
 k - a scroll of blinking {unknown}
 l - a scroll of holy word {unknown}
 o - a scroll of summoning {unknown}
Potions
 b - a potion of flight {unknown}
 c - a potion of attraction {unknown}
 e - a potion of invisibility {unknown}
 i - a potion of degeneration {unknown}


   Skills:
 + Level 4.5 Fighting
 * Level 5.3 Axes
 + Level 3.5 Armour
 + Level 3.3 Dodging


You had 4 spell levels left.
You didn't know any spells.
Your spell library was empty.

Dungeon Overview and Level Annotations

Branches:
Dungeon (3/15)

Altars:

Shops:
D:2 [


Innate Abilities, Weirdness & Mutations

You have a pair of horns on your head.
You reflexively headbutt those who attack you in melee.


Message History

The water moccasin is moderately wounded.
The water moccasin bites you!
You are poisoned.
The water moccasin poisons you!
You closely miss the water moccasin.
The water moccasin is moderately wounded.
You feel very sick. The water moccasin bites you!
You are more poisoned.
The water moccasin poisons you!
The water moccasin bites you but does no damage.
You miss the water moccasin.
Your headbutt misses the water moccasin.
The water moccasin is moderately wounded.
You feel very sick. The water moccasin misses you.
You are too injured to fight recklessly!
You are too injured to fight recklessly!
You are too injured to fight recklessly!
You are too injured to fight recklessly!
You hit the water moccasin.
The water moccasin is moderately wounded.
You feel very sick. The water moccasin bites you.
You are more poisoned.
The water moccasin poisons you!
The water moccasin bites you but does no damage.
You hit the water moccasin.
Your headbutt misses the water moccasin.
The water moccasin is heavily wounded.
* * * LOW HITPOINT WARNING * * *
You feel very sick.
The water moccasin bites you but does no damage.
You hit the water moccasin.
Your headbutt misses the water moccasin.
The water moccasin is severely wounded.
* * * LOW HITPOINT WARNING * * *
You feel very sick. The water moccasin bites you!
You die...

..#...........#
..#...........# ..
#.#.......go..## ..
#.#.....g...#..# .#
#.##o####...##.##.#
..#####.##g#
######.g#.#
...<.....gg# ##.#.#
......#.##S# #g..#
..... #.##@# ##o.#
.... #.##.#
#....g....# ...
#.##.# #........#..
.. #.##.#.
#........#.# .
#†##.#P# #..g......
. #.##.# #
#.......... #.##.#
.o........> #.##..
.....######. #.#


You could see a water moccasin, 3 gnolls and an orc.

Vanquished Creatures
  A scorpion (D:3)
  6 adders
  4 ball pythons
  4 bats
  4 endoplasms
  3 giant cockroaches
  6 goblins
  6 hobgoblins
  2 jackals (D:2)
  4 quokkas
  A frilled lizard (D:1)
  A kobold (D:1)
  2 rats
44 creatures vanquished.

Notes
Turn   | Place    | Note
-------+----------+-------------------------------------------
     0 | D:1      | MacCMillion the Minotaur Berserker began the quest for the
                  | Orb.
     0 | D:1      | Reached XP level 1. HP: 19/19 MP: 0/0
   488 | D:1      | Reached XP level 2. HP: 27/27 MP: 1/1
   533 | D:1      | Reached skill level 4 in Axes
   959 | D:1      | Found a faded altar of an unknown god.
  1266 | D:2      | Reached XP level 3. HP: 33/33 MP: 2/2
  1384 | D:2      | Found Biceisaz's Armour Shoppe.
  1578 | D:2      | Reached ** piety under Trog
  2035 | D:2      | Reached XP level 4. HP: 40/40 MP: 3/3
  2268 | D:3      | Noticed a scorpion
  2282 | D:3      | Killed a scorpion
  2283 | D:3      | Reached skill level 5 in Axes
  2283 | D:3      | Reached XP level 5. HP: 47/47 MP: 4/4
  2511 | D:3      | Noticed a water moccasin
  2534 | D:3      | Slain by a water moccasin

Illustrated notes

Levels and vault maps discovered:
D:1:      ncdulo_wetmaze, layout_loops_cross, chequers_ecumenical_altar_simple,
          minmay_misc_feat_nine_boxes
D:2:      layout_basic, serial_shops, shop
D:3:      layout_basic, lemuel_doored_altar, lemuel_tele_altar, serial_aquarium,
          aquarium_bridge_straight [aquarium_subvault_bridge,
          aquarium_subvault_window, aquarium_subvault_bridge,
          aquarium_subvault_window], aquarium_window_fake, aquarium_window_1,
          aquarium_window_3, aquarium_view_2f, aquarium_balcony_double_4,
          hex_tiny

Skill      XL: |  1  2  3  4 |
---------------+-------------+-----
Axes           | 4 5 |  5.3
Fighting       | 4 |  4.5
Armour         | 3 |  3.5
Dodging        | 3 |  3.3

Action                   |  1- 3 |  4- 6 || total
-------------------------+-------+-------++-------
Melee: Hand axe          |    75 |    24 ||    99
       Headbutt          |     5 |     6 ||    11
Invok: Berserk           |     4 |     2 ||     6
Armor: Scale mail        |    19 |     8 ||    27
       Animal skin       |     1 |       ||     1
Dodge: Dodged            |    41 |    13 ||    54

Table legend: (Time is in decaauts)
 A = Elapsed time spent in this place.
 B = Non-inter-level travel time spent in this place.
 C = Inter-level travel time spent in this place.
 D = Time resting spent in this place.
 E = Time spent auto-exploring this place.
 F = Levels seen in this place.
 G = Mean time per level.
                   A        B        C        D        E       F      G
               +--------+--------+--------+--------+--------+-----+--------+
         Total |   2609 |   2507 |    102 |    630 |   1227 |   3 |  869.7 |
       Dungeon |   2609 |   2507 |    102 |    630 |   1227 |   3 |  869.7 |
               +--------+--------+--------+--------+--------+-----+--------+

Top non-repeatable levels by time:
     D:1: 1227 daAuts
     D:2: 1088 daAuts
     D:3: 292 daAuts
